 Dungeon Crawl Stone Soup version 0.27.1-33-g824d729ab1 (webtiles) character file.

Game seed: 1180100422024450722

5220 comborobin the Protected (level 10, -5/85 HPs)
             Began as a Palentonga Gladiator on Dec 27, 2021.
             Was an Elder of Okawaru.
             Slain by a centaur warrior (8 damage)
             ... on level 8 of the Dungeon.
             The game lasted 00:12:59 (7983 turns).

comborobin the Protected (Palentonga Gladiator)     Turns: 7983, Time: 00:12:59

Health: -5/85      AC: 20    Str: 18    XL:     10   Next: 35%
Magic:  0/24       EV: 13    Int: 16    God:    Okawaru [****..]
Gold:   221        SH:  0    Dex: 13    Spells: 9/9 levels left

rFire    . . .     SeeInvis +   f - +0 battleaxe
rCold    . . .     Faith    .   (shield currently unavailable)
rNeg     . . .     Spirit   +   v - +4 moon troll leather armour {Spirit, Regen++ MP+5}
rPois    .         Reflect  .   c - +0 helmet
rElec    .         Harm     .   (no cloak)
rCorr    .         Rampage  .   (no gloves)
Will     .....                  (no barding)
Stlth    +++.......             i - amulet of regeneration
HPRegen  3.24/turn              j - +6 ring of intelligence
MPRegen  0.19/turn              n - ring of magical power

@: lethally poisoned (-5 -> -6), heroic, studying Summonings, curled up
A: large, rugged brown scales 3, see invisible, deformed body, roll 1, armoured
tail, reflexive curl
a: Rolling Charge, Renounce Religion, Heroism


You were on level 8 of the Dungeon.
You worshipped Okawaru.
Okawaru was greatly pleased with you.
You visited 2 branches of the dungeon, and saw 9 of its levels.

You collected 305 gold pieces.
You spent 84 gold pieces at shops.

Inventory:

Hand Weapons
 a - the +9 whip of Conversion {pain, MP+9 Str-5 Dex+2}
   (You found it on level 5 of the Dungeon)

   In the hands of one skilled in necromantic magic, it inflicts extra damage on
   living creatures.
   Str:       It affects your strength (-5).
   Dex:       It affects your dexterity (+2).
   MP:        It affects your magic capacity (+9).
 f - a +0 battleaxe (weapon)
 s - a +1 quarterstaff
Missiles
 d - 3 throwing nets (quivered)
Armour
 c - a +0 helmet (worn)
 v - the +4 moon troll leather armour (worn) {Spirit, Regen++ MP+5}
   (You found it on level 6 of the Dungeon)

   MP:        It affects your magic capacity (+5).
   Regen:     It increases your rate of health regeneration.
 B - the +9 plate armour of the Ladybird {rC+}
   (You found it on level 6 of the Dungeon)

   rC:        It protects you from cold.
Jewellery
 i - an amulet of regeneration (around neck)
 j - a +6 ring of intelligence (left hand)
 n - a ring of magical power (right hand)
 r - an amulet of magic regeneration
 A - an amulet of the acrobat
Wands
 b - a wand of iceblast (3)
 q - a wand of flame (16)
Scrolls
 k - 3 scrolls of enchant weapon
 l - a scroll of teleportation
 o - 7 scrolls of identify {unknown}
 p - a scroll of amnesia {unknown}
 t - 4 scrolls of enchant armour {unknown}
 y - a scroll of acquirement {unknown}
 z - a scroll of noise {unknown}
Potions
 e - a potion of cancellation {unknown}
 g - 2 potions of haste {unknown}
 h - 4 potions of curing {unknown}
 m - 5 potions of lignification {unknown}
 u - a potion of attraction {unknown}
 w - a potion of heal wounds {unknown}
 x - a potion of mutation {unknown}


   Skills:
 - Level 7.7(12.7) Fighting
 + Level 1.9(6.9) Axes
 - Level 8.4(13.4) Staves
 - Level 1.3(6.3) Throwing
 - Level 8.5(13.5) Armour
 - Level 3.8(8.8) Dodging


You had 9 spell levels left.
You didn't know any spells.
Your spell library contained the following spells:

 Spells                   Type           Power      Damage    Failure   Level
 Foxfire                  Conj/Fire      0%         2x1d4     28%         1
 Conjure Flame            Conj/Fire      0%         6-21      63%         3
 Dazzling Flash           Conj/Hex       0%         N/A       63%         3
 Inner Flame              Hex/Fire       0%         N/A       63%         3
 Iskenderun's Mystic Bla  Conj/Tloc      0%         2d3       95%         4
 Starburst                Conj/Fire      0%         6d3       100%        6


Dungeon Overview and Level Annotations

Branches:
Dungeon (8/15)             Temple (1/1) D:5
   Lair: D:8-11

Altars:
Ashenzari
Cheibriados
Dithmenos
Elyvilon
Fedhas
Gozag
Hepliaklqana
Kikubaaqudgha
Makhleb
Nemelex Xobeh
Okawaru
Qazlal
Ru
Sif Muna
Trog
Uskayaw
Vehumet
Wu Jian
Xom
Yredelemnul
Zin
The Shining One

Shops:
D:4 *   D:6 (?:!


Innate Abilities, Weirdness & Mutations

You are completely covered in rugged brown scales. (AC +3, +7% HP)
You have supernaturally acute eyesight. (SInv)
Armour fits poorly on your strangely shaped body.
You can roll at nearby foes to attack.
You have a long armoured tail.
You curl defensively after being hit.


Message History

You hit the meliai.
The meliai is lightly wounded.
You barely miss the killer bee.
You completely miss the centaur warrior.
You feel very sick. The meliai closely misses you. The meliai stings you.
* * * LOW HITPOINT WARNING * * *
The killer bee closely misses you.
The centaur warrior hits you but does no damage.
The centaur warrior closely misses you. The meliai completely misses you.
The meliai stings you but does no damage.
The killer bee stings you.
* * * LOW HITPOINT WARNING * * *
You are more poisoned.
The killer bee poisons you!
The centaur warrior hits you but does no damage.
The centaur warrior closely misses you. The meliai barely misses you.
The meliai stings you but does no damage.
The killer bee stings you but does no damage.
The centaur warrior misses you.
The centaur warrior kicks you but does no damage.
You slice the meliai!!
Your tail-slap misses the meliai.
The meliai is almost dead.
You slash the centaur warrior! You slash the killer bee!
You feel very sick.
The meliai hits you with a +0 long sword.
* * * LOW HITPOINT WARNING * * *
The meliai barely misses you.
The killer bee stings you but does no damage.
The meliai hits you with a +0 long sword!
* * * LOW HITPOINT WARNING * * *
The meliai closely misses you. The killer bee barely misses you.
The centaur warrior hits you but does no damage.
The centaur warrior kicks you but does no damage.
The meliai hits you with a +0 long sword.
* * * LOW HITPOINT WARNING * * *
The meliai barely misses you.
The killer bee stings you but does no damage.
The centaur warrior hits you!
You die...

... ###.#######.##
#.# ##.#.##<...[...
##.## #.....(.####.##
#T..# #....#### ##.##
###..#.# ####'######
##.#..#.# #.#T......#
#..##.#.#
#Y#####..####yy##.#.#
#.# ##.....?c@.....#
#.# #.......####.###
#.# #.......# #.# #?#
#.......# #.. #..
#.......# ##.# ###
#.......# .#
#.......# .#
#.......# .#
#########


You could see a centaur warrior, a meliai and a killer bee.

Vanquished Creatures
  A catoblepas (D:8)
  A two-headed ogre (D:8)
  Pikel (D:7)
  2 unseen horrors (D:8)
  A troll (D:8)
  2 steam dragons (D:8)
  3 water moccasins
  A necrophage (D:5)
  An orc warrior (D:8)
  An ice beast (D:6)
  2 ogres
  The ghost of lordive the Shooter, an amateur MiHu (D:4)
  2 centaurs
  A lemure (D:7)
  A wyvern zombie (D:7)
  A kobold brigand (D:8)
  4 bullfrogs
  Blork the orc (D:6)
  3 scorpions
  A wight (D:8)
  4 howler monkeys
  A centaur zombie (D:8)
  3 hounds (D:4)
  A gnoll shaman (D:7)
  4 orc priests
  A centaur skeleton (D:7)
  5 iguanas
  7 orc wizards
  2 killer bee zombies (D:7)
  A hound skeleton (D:4)
  A howler monkey zombie (D:6)
  8 adders
  4 gnolls (D:7)
  A shadow imp (D:6)
  2 white imps (D:5)
  3 ufetubi
  3 worms
  2 dart slugs
  25 orcs
  4 bats
  9 endoplasms
  9 giant cockroaches
  8 goblins
  4 hobgoblins
  12 jackals
  2 quokkas (D:2)
  9 ball pythons
  4 frilled lizards
  7 kobolds
  6 rats
183 creatures vanquished.

Notes
Turn   | Place    | Note
-------+----------+-------------------------------------------
     0 | D:1      | comborobin the Palentonga Gladiator began the quest for the
                  | Orb.
     0 | D:1      | Reached XP level 1. HP: 17/17 MP: 1/1
    28 | D:1      | Found a faded altar of an unknown god.
   300 | D:1      | Reached XP level 2. HP: 23/23 MP: 2/2
  1156 | D:2      | Reached XP level 3. HP: 22/28 MP: 3/3
  1798 | D:2      | Found a glowing golden altar of the Shining One.
  1939 | D:3      | Reached XP level 4. HP: 30/37 MP: 4/4
  2272 | D:3      | Reached XP level 5. HP: 27/43 MP: 5/5
  2338 | D:3      | Reached skill level 5 in Staves
  2836 | D:4      | Noticed an ogre
  2874 | D:3      | Killed an ogre
  2875 | D:3      | Reached XP level 6. HP: 45/52 MP: 6/6
  2963 | D:4      | Found a hide-covered altar of Uskayaw.
  2964 | D:4      | Found a sacrificial altar of Ru.
  2967 | D:4      | Found a blossoming altar of Fedhas.
  2998 | D:4      | Found a shimmering altar of Xom.
  3077 | D:4      | Reached skill level 5 in Fighting
  3314 | D:4      | Found a runed translucent door.
  3317 | D:4      | Noticed lordive's ghost (amateur MiHu)
  3327 | D:4      | Gained mutation: You curl defensively after being hit.
                  | [Palentonga growth]
  3327 | D:4      | Reached XP level 7. HP: 39/59 MP: 7/7
  3337 | D:4      | Killed lordive's ghost
  3547 | D:4      | Found Otimyew's Assorted Antiques.
  3585 | D:5      | Entered Level 5 of the Dungeon
  3785 | D:5      | Identified the +9 whip of Conversion {pain, MP+9 Str-5
                  | Dex+2}
  3942 | D:5      | Reached XP level 8. HP: 69/69 MP: 8/8
  4005 | D:5      | Found a staircase to the Ecumenical Temple.
  4064 | D:5      | Identified the +0 leather armour of Understanding {Rampage}
  4272 | Temple   | Entered the Ecumenical Temple
  4816 | D:6      | Found Sufutri's Book Shoppe.
  4828 | D:6      | Found the +4 moon troll leather armour {Spirit, Regen++
                  | MP+5}
  4902 | D:6      | Found an opulent altar of Gozag.
  4904 | D:6      | Found an iron altar of Okawaru.
  4920 | D:6      | Became a worshipper of Warmaster Okawaru
  5115 | D:6      | Noticed Blork the orc
  5122 | D:6      | Killed Blork the orc
  5131 | D:6      | Found Jialo's Distillery.
  5162 | D:6      | Found Vesh's Weapon Shoppe.
  5233 | D:6      | Found a white marble altar of Elyvilon.
  5300 | D:6      | Reached skill level 1 in Armour
  5329 | D:6      | Identified the +9 plate armour of the Ladybird {rC+}
  5417 | D:6      | Found Soineyq's Magic Scroll Boutique.
  5587 | D:7      | Reached * piety under Okawaru
  5797 | D:7      | Found a glowing golden altar of the Shining One.
  6154 | D:7      | Noticed Pikel
  6180 | D:7      | Killed Pikel
  6181 | D:7      | Reached XP level 9. HP: 75/78 MP: 9/9
  6333 | D:8      | Noticed a two-headed ogre
  6337 | D:8      | Reached ** piety under Okawaru
  6338 | D:8      | Reached skill level 5 in Armour
  6378 | D:8      | Noticed a boulder beetle
  6387 | D:8      | Killed a two-headed ogre
  6387 | D:8      | Reached *** piety under Okawaru
  6568 | D:8      | Noticed an unseen horror
  6584 | D:8      | Noticed a catoblepas
  6633 | D:8      | Noticed a troll
  6634 | D:8      | Noticed a meliai
  6658 | D:8      | Killed an unseen horror
  6684 | D:8      | Noticed a catoblepas
  6776 | D:8      | Noticed a troll
  6874 | D:8      | Killed a catoblepas
  6875 | D:8      | Reached XP level 10. HP: 81/85 MP: 7/10
  6901 | D:8      | Reached **** piety under Okawaru
  7320 | D:6      | Bought a +0 battleaxe for 84 gold pieces
  7457 | D:7      | Reached skill level 1 in Axes
  7974 | D:8      | Noticed a centaur warrior
  7983 | D:8      | HP: 3/85 [meliai (4)]
  7983 | D:8      | Slain by a centaur warrior

Illustrated notes

Levels and vault maps discovered:
D:1:      psy_arrival_basics, layout_loops_corners,
          ebering_ecumenical_altar_petrified
D:2:      layout_basic, basic_altar
D:3:      layout_basic, glass_columns_b, moated_statue
D:4:      layout_basic, grunt_temple_overflow_open, ebering_ghost_sewer_d,
          serial_shops, nicolae_shop_stone
D:5:      layout_basic, minmay_temple_entry_drinking_statues,
          minmay_misc_feat_rows
D:6:      layout_rooms, nicolae_overflow_hidden_temple,
          chequers_temple_overflow_statue_of_worship, serial_shops,
          nicolae_square_shop, nicolae_shop_stone, kennysheep_mini_moat,
          nicolae_take_the_stairs, minmay_misc_feat_rugged, feat_on_display,
          uniq_blork_the_orc
D:7:      layout_loops_corners, overflow_temple_1_default, uniq_pikel
D:8:      hangedman_cross_veins, layout_loops_cross, minmay_manual_moon
Temple:   dpeg_chambers_temple

Skill      XL: |  1  2  3  4  5  6  7  8  9 10 |
---------------+-------------------------------+-----
Staves         | 4 5 6 7 8 |  8.4
Fighting       | 3 4 5 6 7 |  7.7
Armour         | 4 8 |  8.5
Dodging        | 3 |  3.8
Axes           | 1 |  1.9
Throwing       | |  1.3

Action                   |  1- 3 |  4- 6 |  7- 9 | 10-12 || total
-------------------------+-------+-------+-------+-------++-------
Melee: Quarterstaff      |    68 |   156 |    70 |       ||   294
       Tailslap          |    15 |    21 |    59 |    19 ||   114
       Dagger            |    66 |       |       |       ||    66
       Whip              |       |       |   323 |    72 ||   395
       Battleaxe         |       |       |       |    51 ||    51
Invok: Heroism           |       |       |     1 |     1 ||     2
Evoke: Wand              |       |       |       |     3 ||     3
  Use: Scroll            |       |       |     3 |       ||     3
       Potion            |       |       |     2 |       ||     2
 Stab: Distracted        |       |     1 |     1 |       ||     2
       Confused          |       |     1 |       |       ||     1
Armor: Leather armour    |    54 |    49 |    68 |       ||   171
       Troll leather arm |       |       |   170 |   119 ||   289
Dodge: Dodged            |    50 |    76 |   203 |   129 ||   458
